 Dungeon Crawl Stone Soup version 0.20-a0-848-g73d9be0 (webtiles) character file.

190 Alarkh the Insei (level 5, -1/40 HPs)
             Began as a Demonspawn Transmuter on Mar 9, 2017.
             Killed from afar by an orc wizard (10 damage)
             ... with a puff of flame
             ... on level 3 of the Dungeon.
             The game lasted 00:02:37 (2583 turns).

Alarkh the Insei (Demonspawn Transmuter)            Turns: 2583, Time: 00:02:37

Health: -1/40      AC:  2    Str: 11    XL:     5   Next: 41%
Magic:  6/8        EV: 23    Int: 15    God:
Gold:   75         SH:  0    Dex: 18    Spells: 2/8 levels left

rFire    . . .     SeeInvis .     - Unarmed
rCold    . . .     Gourm    .   (armour currently unavailable)
rNeg     . . .     Faith    .   (shield currently unavailable)
rPois    x         Spirit   .   (helmet currently unavailable)
rElec    .         Reflect  .   (cloak currently unavailable)
rCorr    .         Harm     .   (gloves currently unavailable)
MR       .....                  (boots currently unavailable)
Stlth    +++.......             (no amulet)
Regen    0.2/turn               o - +2 ring of evasion
MPRegen  0.2/turn               n - ring of loudness (curse)

@: spider-form (expiring), very slightly contaminated
A: (horns 0), nightstalker 2
a: End Transformation


You were on level 3 of the Dungeon.
You were not hungry.
You were a venomous arachnid creature.
You visited 1 branch of the dungeon, and saw 3 of its levels.

You collected 75 gold pieces.

Inventory:

Missiles
 a - 39 arrows
Armour
 b - a +0 robe (melded)
 l - a +1 cloak (melded)
Jewellery
 n - a cursed ring of loudness (left front leg)
 o - a +2 ring of evasion (right front leg)
Scrolls
 e - a scroll of identify
 f - a scroll of amnesia
 j - a scroll of teleportation {unknown}
 r - a scroll of recharging {unknown}
 s - a scroll of enchant armour {unknown}
Potions
 h - 2 potions of ambrosia
 i - a potion of mutation {unknown}
 k - a potion of haste {unknown}
 m - a potion of degeneration {unknown}
 p - a potion of berserk rage {unknown}
Books
 c - a book of Changes

   Spells                             Type                      Level
   a - Beastly Appendage              Transmutation                1
   b - Sticks to Snakes               Transmutation                2
   c - Spider Form                    Transmutation/Poison         3
   d - Ice Form                       Ice/Transmutation            4
   e - Blade Hands                    Transmutation                5
Comestibles
 d - a bread ration
 g - a meat ration
 q - 3 chunks of flesh


   Skills:
 + Level 2.8 Fighting
 + Level 3.0 Dodging
 * Level 4.2 Unarmed Combat
 - Level 2.0 Spellcasting
 - Level 1.7 Transmutations


You had 2 spell levels left.
You knew the following spells:

 Your Spells              Type           Power        Failure   Level  Hunger
a - Spider Form           Tmut/Pois      #.........   77%         3    ###....
b - Beastly Appendage     Tmut           #.....       28%         1    #......
c - Sticks to Snakes      Tmut           #.......     36%         2    ###....


Dungeon Overview and Level Annotations

Branches:
Dungeon (3/15)

Altars:
Ru
Vehumet
Xom
Zin


Innate Abilities, Weirdness & Mutations

((You have a pair of small horns on your head.))
You are significantly more attuned to the shadows.


Message History

Beogh smites you!
* * * LOW HITPOINT WARNING * * *
You barely miss the orc wizard.
The orc wizard is lightly wounded.
The orc wizard barely misses you. The orc completely misses you.
You completely miss the orc wizard.
The orc wizard is lightly wounded.
The orc wizard hits you but does no damage.
The orc misses you.
You barely miss the orc wizard.
The orc wizard is lightly wounded.
The orc wizard closely misses you.
The orc priest calls upon Beogh to heal the orc wizard.
The orc wizard's wounds heal themselves!
You hit the orc wizard.
The orc wizard is poisoned.
The orc wizard is lightly wounded.
The orc completely misses you.
The orc wizard gestures at you while chanting.
The puff of flame hits you!
You die...

# ########o###
#.....soo...
#.#####ol...
#.# r.#.. #.#
#..... #.#
#..##.#
#.#####..##.#
#.#...#.... .
#.รท.#....##.#
#..###...(...


You could see an orc priest, an orc wizard, 2 orcs, a frilled lizard and a rat.

Vanquished Creatures
  Jessica (D:2)
  Natasha (thrice) (D:2)
  Ijyb (D:3)
  An ooze (D:1)
  A worm (D:2)
  A dart slug (D:2)
  An orc (D:3)
  3 giant cockroaches (D:1)
  4 goblins
  5 hobgoblins
  4 jackals (D:2)
  A quokka (D:2)
  8 bats
  5 frilled lizards
  13 kobolds
  10 rats
62 creatures vanquished.

Notes
Turn   | Place    | Note
-------+----------+-------------------------------------------
     0 | D:1      | Alarkh the Demonspawn Transmuter began the quest for the Orb.
     0 | D:1      | Reached XP level 1. HP: 15/15 MP: 3/3
   272 | D:1      | Gained mutation: You have a pair of small horns on your head. [demonic ancestry]
   272 | D:1      | Reached XP level 2. HP: 21/21 MP: 5/5
   569 | D:1      | Reached skill level 3 in Unarmed Combat
   837 | D:1      | Gained mutation: You are slightly more attuned to the shadows. [demonic ancestry]
   837 | D:1      | Reached XP level 3. HP: 27/27 MP: 6/6
  1092 | D:2      | Noticed Jessica
  1096 | D:2      | Killed Jessica
  1146 | D:2      | Found a sacrificial altar of Ru.
  1264 | D:2      | Noticed Natasha
  1273 | D:2      | Learned a level 3 spell: Spider Form
  1309 | D:2      | Killed Natasha
  1309 | D:2      | Gained mutation: You are significantly more attuned to the shadows. [demonic ancestry]
  1309 | D:2      | Reached XP level 4. HP: 25/34 MP: 3/7
  1608 | D:2      | Noticed Natasha
  1616 | D:2      | Killed Natasha
  1653 | D:2      | Noticed Natasha
  1881 | D:2      | Killed Natasha
  1881 | D:2      | Reached skill level 4 in Unarmed Combat
  1881 | D:2      | Reached XP level 5. HP: 30/39 MP: 1/8
  1976 | D:2      | Found a radiant altar of Vehumet.
  2205 | D:2      | Found a glowing silver altar of Zin.
  2384 | D:3      | Found a shimmering altar of Xom.
  2391 | D:3      | Noticed Ijyb
  2406 | D:3      | Killed Ijyb
  2517 | D:3      | Learned a level 2 spell: Sticks to Snakes
  2583 | D:3      | Killed from afar by an orc wizard

Vault maps used:
D:1:      dpeg_arrival_prison
D:2:      lemuel_round_altar, vehumet_crystals, nicolae_ru_sacrificial_ziggurat,
          minmay_tetromino_s2, uniq_jessica, uniq_natasha
D:3:      xom_butterflies, uniq_iyjb

Skill      XL: |  1  2  3  4  5 |
---------------+----------------+-----
Unarmed Combat | 3 4 |  4.2
Dodging        | 2 3 |  3.0
Fighting       | 2 |  2.8
Spellcasting   | |  2.0
Transmutations | |  1.7

Action                   |  1- 3 |  4- 6 || total
-------------------------+-------+-------++-------
Melee: Unarmed           |   117 |   100 ||   217
       Headbutt          |    15 |    16 ||    31
       Kick              |     5 |       ||     5
       Punch             |     2 |     1 ||     3
 Cast: Beastly Appendage |     7 |     1 ||     8
       Spider Form       |     1 |     2 ||     3
  Use: Scroll            |       |     2 ||     2
 Stab: Sleeping          |     5 |     9 ||    14
  Eat: Chunk             |     2 |     5 ||     7
Armor: Robe              |    33 |    15 ||    48
Dodge: Dodged            |    89 |    61 ||   150
